 Dungeon Crawl Stone Soup version 0.28.0-53-g5a82cb258f (webtiles) character file.

Game seed: 7529412332495660762

3054 concernfroge the Thaumaturge (level 9, -2/49 HPs)
             Began as a Deep Elf Conjurer on July 12, 2022.
             Was a Follower of Sif Muna.
             Slain by a two-headed ogre
             ... wielding a +0 halberd
              (10 damage)
             ... in a bailey.
             The game lasted 00:28:13 (7386 turns).

concernfroge the Thaumaturge (Deep Elf Conjurer)    Turns: 7386, Time: 00:28:15

Health: -2/49      AC:  3    Str:  4    XL:     9   Next: 57%
Magic:  11/23      EV: 13    Int: 28    God:    Sif Muna [*.....]
Gold:   218        SH:  0    Dex: 13    Spells: 7/24 levels left

rFire   . . .      SeeInvis .   b - staff of conjuration
rCold   + . .      Faith    .   (no shield)
rNeg    . . .      Spirit   .   f - +1 robe {Will+}
rPois   .          Reflect  .   (no helmet)
rElec   .          Harm     .   (no cloak)
rCorr   .          Rampage  .   (no gloves)
Will    ++...      Rage     1%  (no boots)
Stlth   ++........              (no amulet)
HPRegen 0.16/turn               g - ring of protection from cold
MPRegen 0.18/turn               (no ring)

@: no status effects
A: berserk 1, strong-willed 1, MP-powered wands
a: Renounce Religion, Channel Magic


You were in a bailey.
You worshipped Sif Muna.
Sif Muna was aware of your devotion.
You visited 2 branches of the dungeon, and saw 8 of its levels.
You also visited: Bailey.

You collected 218 gold pieces.

Inventory:

Armour
 f - a +1 robe of willpower (worn)
Magical Staves
 b - a staff of conjuration (weapon)
Jewellery
 g - a ring of protection from cold (left hand)
Wands
 j - a wand of iceblast (6)
Scrolls
 c - a scroll of vulnerability
 d - 2 scrolls of teleportation
 e - 2 scrolls of immolation
 i - 2 scrolls of enchant weapon
 q - a scroll of identify
Potions
 a - a potion of ambrosia
 h - a potion of berserk rage
 k - a potion of degeneration
 l - 2 potions of flight
 p - a potion of might


   Skills:
 + Level 2.4 Fighting
 + Level 4.5 Dodging
 - Level 2.4 Stealth
 - Level 8.4 Spellcasting
 - Level 8.0 Conjurations
 - Level 6.3 Hexes
 - Level 4.5 Translocations
 + Level 3.2 Invocations
 + Level 5.7 Evocations


You had 7 spell levels left.
You knew the following spells:

 Your Spells              Type           Power      Damage    Failure   Level
a - Magic Dart            Conj           100%       1d8       1%          1
b - Searing Ray           Conj           100%       2d8       1%          2
c - Dazzling Flash        Conj/Hex       100%       N/A       1%          3
d - Fulminant Prism       Conj/Hex       34%        3d16      2%          4
e - Iskenderun's Mystic   Conj/Tloc      63%        2d13      3%          4
f - Teleport Other        Tloc           37%        N/A       2%          3

Your spell library contained the following spells:

 Spells                   Type           Power      Damage    Failure   Level
 Shock                    Conj/Air       100%       1d9       1%          1
 Conjure Flame            Conj/Fire      51%        6-21      2%          3
 Gell's Gravitas          Tloc           37%        N/A       2%          3
 Lesser Beckoning         Tloc           37%        N/A       2%          3
 Corpse Rot               Necr/Air       22%        N/A       7%          2
 Sticky Flame             Conj/Fire      51%        2d7       9%          4
 Ignite Poison            Fire/Tmut/Pois 11%        N/A       14%         3
 Swiftness                Air            11%        N/A       14%         3
 Airstrike                Air            5%         N/A       43%         4
 Animate Dead             Necr           5%         N/A       43%         4
 Dispel Undead            Necr           11%        3d9       43%         4
 Borgnjor's Vile Clutch   Necr/Erth      5%         N/A       78%         5
 Death Channel            Necr           5%         N/A       100%        6


Dungeon Overview and Level Annotations

Branches:
Dungeon (7/15)             Temple (1/1) D:5          Bailey (1/1)

Altars:
Ashenzari
Dithmenos
Elyvilon
Gozag
Nemelex Xobeh
Okawaru
Qazlal
Ru
Sif Muna
Uskayaw
Vehumet
Wu Jian
Xom
Yredelemnul
Zin
The Shining One

Shops:
D:1 =   D:3 [(   D:4 *


Innate Abilities, Weirdness & Mutations

You tend to lose your temper in combat.
You are strong-willed. (Will+)
You expend magic power (3 MP) to strengthen your wands.


Message History

The spriggan moves out of view.
A two-headed ogre comes into view.
It is wielding a +0 halberd and a +0 bardiche.
The two-headed ogre shouts in stereo!
The spriggan shouts!
Casting: Magic Dart (safe; 1% risk of failure)
Confirm with . or Enter, or press ? or * to list all spells.
Aiming: Fulminant Prism (dangerous; 2% risk of failure)
Press: ? - help, Dir - move target You feel a surge of power!
You conjure a prism of explosive energy!
A fulminant prism comes into view.
The two-headed ogre hits you from afar with a +0 halberd!
The two-headed ogre hits you from afar with a +0 bardiche!!
Ouch! That really hurt!
* * * LOW HITPOINT WARNING * * *
Casting: Fulminant Prism (dangerous; 2% risk of failure)
Confirm with . or Enter, or press ? or * to list all spells.
You feel a surge of power!
You erupt in a blast of force!
The mystic blast hits the two-headed ogre!
The two-headed ogre is moderately wounded.
The two-headed ogre is knocked back by the mystic blast.
The two-headed ogre collides with the spriggan!
The spriggan is heavily wounded.
The two-headed ogre is heavily wounded.
An ogre comes into view. It is wielding a +0 halberd.
Your fulminant prism crackles loudly.
Okay, then.
Okay, then.
Casting: Iskenderun's Mystic Blast (dangerous; 3% risk of failure)
Confirm with . or Enter, or press ? or * to list all spells.
You feel a surge of power!
You erupt in a blast of force!
The mystic blast hits the two-headed ogre.
The two-headed ogre is heavily wounded.
The mystic blast hits the spriggan!
The spriggan is severely wounded.
The spriggan is knocked back by the mystic blast.
The spriggan collides with the two-headed ogre!
The two-headed ogre is severely wounded.
You kill the spriggan!
Sif Muna accepts your kill.
The two-headed ogre hits you from afar with a +0 halberd!
You die...

#.......#♣..##
#..♣♣♣♣♣..##..#
#.. ♣♣..#..# #.
♣..#..# # ♣..#..#
♣..#..# ♣♣..♣).#
..♣♣≈♣♣..##..#
..##...OO)@#♣..##
#..##..*..##..##
#..#####♣#..##
#.........##
#.......##
##≈≈≈≈)## #)≈≈)≈#
###)≈≈≈≈###
##....)....##


You could see a two-headed ogre (ally target), an ogre and a friendly fulminant
prism.

Vanquished Creatures
  Grinder (D:5)
  Sigmund (D:3)
  2 spriggans (Bailey)
  A water moccasin (D:6)
  An orc warrior (D:7)
  A black bear (D:6)
  A necrophage (D:4)
  A sky beast (D:5)
  8 ogres
  A phantom (D:5)
  A centaur (D:7)
  2 kobold brigands
  3 scorpions
  3 howler monkeys
  3 jellies
  3 hounds
  5 orc priests
  A gnoll shaman (D:5)
  Jessica (D:3)
  2 centaur skeletons
  Natasha (thrice) (D:2)
  An orc wizard (D:6)
  A howler monkey zombie (D:5)
  10 gnolls
  A howler monkey skeleton (D:7)
  6 adders
  A white imp (D:7)
  An ufetubus (D:6)
  2 adder skeletons
  2 worms
  3 dart slugs
  11 orcs
  6 ball pythons
  5 endoplasms
  A giant cockroach (D:3)
  4 goblins
  6 hobgoblins
  2 jackals (D:3)
  6 quokkas
  6 bats
  A frilled lizard (D:1)
  9 kobolds
  4 rats
134 creatures vanquished.

Vanquished Creatures (others)
  33 fulminant prisms
33 creatures vanquished.

Grand Total: 167 creatures vanquished

Notes
Turn   | Place    | Note
-------+----------+-------------------------------------------
     0 | D:1      | concernfroge the Deep Elf Conjurer began the quest for the
                  | Orb.
     0 | D:1      | Reached XP level 1. HP: 10/10 MP: 6/6
   112 | D:1      | Found Pocaysk's Jewellery Shoppe.
   275 | D:1      | Reached XP level 2. HP: 15/15 MP: 4/8
   323 | D:1      | Learned a level 2 spell: Searing Ray
   656 | D:1      | Reached skill level 5 in Conjurations
   656 | D:1      | Reached XP level 3. HP: 19/19 MP: 7/10
   660 | D:1      | Learned a level 3 spell: Dazzling Flash
   848 | D:2      | Noticed Natasha
   852 | D:2      | Killed Natasha
   970 | D:2      | Reached XP level 4. HP: 24/24 MP: 9/12
  1210 | D:2      | Reached skill level 5 in Spellcasting
  1461 | D:2      | Noticed Natasha
  1464 | D:2      | Killed Natasha
  1570 | D:2      | Found a faded altar of an unknown god.
  1576 | D:2      | Learned a level 4 spell: Fulminant Prism
  1885 | D:2      | Reached XP level 5. HP: 28/28 MP: 10/14
  1890 | D:2      | Learned a level 4 spell: Iskenderun's Mystic Blast
  1911 | D:2      | Noticed Natasha
  1914 | D:2      | Killed Natasha
  1976 | D:2      | Reached skill level 1 in Hexes
  2135 | D:3      | Reached XP level 6. HP: 3/32 MP: 1/17
  2499 | D:3      | Found a shadowy altar of Dithmenos.
  2623 | D:3      | Found a basalt altar of Yredelemnul.
  2771 | D:3      | Noticed Jessica
  2773 | D:3      | Killed Jessica
  2882 | D:3      | Found Lydataek's Antique Armour Boutique.
  2909 | D:3      | Noticed Sigmund
  2918 | D:3      | Killed Sigmund
  2919 | D:3      | Reached skill level 1 in Translocations
  2919 | D:3      | Reached skill level 1 in Evocations
  2922 | D:3      | Reached XP level 7. HP: 24/36 MP: 2/18
  3332 | D:3      | Found an opulent altar of Gozag.
  3356 | D:3      | Found Hijetz's Weapon Emporium.
  3981 | D:4      | Found Yllapreq's Fire Supplies.
  3992 | D:4      | Learned a level 3 spell: Teleport Other
  4424 | D:4      | Found a sparkling altar of Nemelex Xobeh.
  4606 | D:5      | Entered Level 5 of the Dungeon
  4702 | D:5      | Noticed Grinder
  4974 | D:5      | Reached XP level 8. HP: 41/41 MP: 6/20
  4978 | D:5      | Reached skill level 5 in Hexes
  5225 | D:5      | Found a staircase to the Ecumenical Temple.
  5234 | Temple   | Entered the Ecumenical Temple
  5392 | Temple   | Became a worshipper of Sif Muna the Loreminder
  5633 | D:5      | Killed Grinder
  6445 | D:6      | Reached XP level 9. HP: 39/45 MP: 9/23
  6953 | D:7      | Reached skill level 1 in Invocations
  6957 | D:7      | Reached skill level 1 in Fighting
  7006 | D:7      | Gained mutation: You expend magic power (3 MP) to
                  | strengthen your wands. [potion of mutation]
  7006 | D:7      | Gained mutation: You tend to lose your temper in combat.
                  | [potion of mutation]
  7006 | D:7      | Gained mutation: You are strong-willed. (Will+) [potion of
                  | mutation]
  7033 | D:7      | Reached skill level 5 in Evocations
  7167 | D:7      | Found a flagged portal.
  7177 | Bailey   | Entered a bailey
  7191 | Bailey   | Reached * piety under Sif Muna
  7382 | Bailey   | Identified the +4 scimitar "Ocolit" {freeze, Fly rC+ Str-3}
  7383 | Bailey   | Noticed a two-headed ogre
  7386 | Bailey   | Slain by a two-headed ogre

Illustrated notes

Levels and vault maps discovered:
D:1:      onia_arrival_pentagram, layout_loops_cross, serial_shops, shop
D:2:      layout_loops_ring, shapermc_ecumenical_altar_mp_ritualfount,
          uniq_natasha
D:3:      layout_loops_ring, grunt_dithmenos_smoke_and_mirrors,
          nicolae_gozag_cash_rules_everything_around_me,
          mainiacjoe_overflow_tiny_flanked, serial_shops, shop,
          nicolae_lakefront_shop, uniq_jessica, uniq_sigmund
D:4:      layout_cave_pods, nemelex_diamond_rough_becter, nicolae_shop_fire_sale
          [nicolae_sub_dead_trees]
D:5:      layout_basic, temple_fountains, abandoned_shop,
          chequers_serial_rivers_small_a, uniq_grinder
D:6:      layout_cave_pools, slow_altar_2,
          nicolae_hepliaklqana_ecumenical_no_more
D:7:      layout_basic, enter_bailey_6, nicolae_zen_rock_garden,
          chequers_serial_rivers_large_b, minmay_stone_trees_large, minmay_puff
Temple:   minmay_temple_bridge_abc
Bailey:   bailey_polearm_enchanted_keep_hellmonk, bailey

Skill      XL: |  1  2  3  4  5  6  7  8  9 |
---------------+----------------------------+-----
Spellcasting   | 4 5 6 7 8 |  8.4
Conjurations   | 5 6 7 8 |  8.0
Hexes          | 2 3 4 6 |  6.3
Translocations | 1 2 4 |  4.5
Evocations     | 1 2 4 5 |  5.7
Dodging        | 4 |  4.5
Invocations    | 3 |  3.2
Fighting       | 2 |  2.4
Stealth        | |  2.4

Action                   |  1- 3 |  4- 6 |  7- 9 || total
-------------------------+-------+-------+-------++-------
Melee: Staff             |       |       |     1 ||     1
 Cast: Magic Dart        |    37 |    77 |   127 ||   241
       Searing Ray       |     1 |     8 |    22 ||    31
       Dazzling Flash    |     1 |       |       ||     1
       Fulminant Prism   |       |     4 |    30 ||    34
       Iskenderun's Myst |       |     1 |     4 ||     5
       Teleport Other    |       |       |     2 ||     2
Evoke: Wand              |       |     6 |     7 ||    13
  Use: Scroll            |       |     6 |     5 ||    11
       Potion            |       |     3 |     2 ||     5
Armor: Robe              |       |       |     1 ||     1
Dodge: Dodged            |     2 |     2 |    14 ||    18
